 Dungeon Crawl Stone Soup version 0.19.3 (webtiles) character file.

39 Naow the Chucker (level 3, 0/37 HPs)
             Began as an Ogre Hunter on Jan 22, 2017.
             Slain by an adder (2 damage)
             ... on level 1 of the Dungeon.
             The game lasted 00:03:06 (1672 turns).

Naow the Chucker (Ogre Hunter)                      Turns: 1672, Time: 00:03:06

Health: 0/37       AC:  3    Str: 15 (18) XL:     3   Next: 45%
Magic:  3/3        EV: 10    Int:  8 (10) God:
Gold:   85         SH:  0    Dex:  9 (10) Spells: 0 memorised, 2 levels left

rFire  . . .     SeeInvis .     e - +0 club
rCold  . . .     Gourm    .     b - +0 robe
rNeg   . . .     Faith    .     (no shield)
rPois  .         Spirit   .     (helmet restricted)
rElec  .         Reflect  .     (no cloak)
rCorr  .         Harm     .     (gloves unavailable)
MR     .....                    (boots unavailable)
Stlth  +.........               (no amulet)
                                (no ring)
                                (no ring)

@: lethally poisoned (0 -> -3)
A: unfitting armour, tough skin 1
a: no special abilities


You were on level 1 of the Dungeon.
You were hungry.

You visited 1 branch of the dungeon, and saw 2 of its levels.

You collected 85 gold pieces.

Inventory:

Hand Weapons
 a - a +0 short sword
 e - a +0 club (weapon)
Missiles
 c - 5 large rocks (quivered)
 d - 2 throwing nets
Armour
 b - a +0 robe (worn)
Jewellery
 n - an uncursed amulet of rage
 s - an uncursed ring of protection from cold {unknown}
Scrolls
 i - 2 scrolls of amnesia {unknown}
 j - a scroll of identify {unknown}
 m - a scroll of immolation {unknown}
 o - a scroll of noise {unknown}
 q - 2 scrolls of teleportation {unknown}
Potions
 k - a potion of mutation {unknown}
 l - a potion of invisibility {unknown}
 p - a potion of haste {unknown}
 r - a potion of cure mutation {unknown}
Comestibles
 f - a bread ration
 h - 2 meat rations
 t - 3 chunks of flesh


   Skills:
 + Level 3.6 Fighting
 * Level 2.4 Maces & Flails
 - Level 4.0 Throwing
 + Level 2.2 Dodging
 - Level 0.6 Stealth


You had 2 spell levels left.
You didn't know any spells.

Dungeon Overview and Level Annotations

Branches:
Dungeon (2/15)

Altars:

Annotations:
D:2 Jessica


Innate Abilities, Weirdness & Mutations

You are too large for most types of armour.
You have tough skin. (AC +1)


Message History

The adder barely misses you.
You hit the adder.
The adder is almost dead.
You feel sick. The adder bites you.
* * * LOW HITPOINT WARNING * * *
The adder bites you.
* * * LOW HITPOINT WARNING * * *
You hit the adder but do no damage.
The adder is almost dead.
The adder closely misses you. The adder bites you but does no damage.
You closely miss the adder.
The adder is almost dead.
* * * LOW HITPOINT WARNING * * *
You feel sick.
The kobold throws a stone.
The stone hits you but does no damage. The adder bites you but does no damage.
It was a potion of degeneration.
There was something very wrong with that liquid.
You feel weakened.
You feel dopey.
You feel clumsy. The adder bites you.
You die...

######## ##......## ##........##
#...(......# #..S.......#
#.@....K...# ##### #..........#
###### #...# #..........# #.....
#...###########........## #.....
##...##......##..........# #.....
.(...##......##..........###.....
.................................
.............#...................
.....##......#.......#####.#.....


You could see an adder and a kobold.

Vanquished Creatures
  An adder (D:2)
  An ooze (D:1)
  A dart slug (D:2)
  A leopard gecko (D:1)
  2 giant cockroaches
  3 goblins
  2 hobgoblins (D:1)
  2 bats (D:1)
  A frilled lizard (D:1)
  5 kobolds
  5 rats
24 creatures vanquished.

Notes
Turn   | Place    | Note
-------+----------+-------------------------------------------
     0 | D:1      | Naow the Ogre Hunter began the quest for the Orb.
     0 | D:1      | Reached XP level 1. HP: 22/22 MP: 1/1
   149 | D:1      | Reached skill level 1 in Maces & Flails
   171 | D:1      | Reached XP level 2. HP: 29/31 MP: 2/2
  1011 | D:2      | Reached XP level 3. HP: 16/37 MP: 3/3
  1645 | D:2      | Noticed Jessica
  1672 | D:1      | Slain by an adder

Skill      XL: |  1  2 |
---------------+-------+-----
Fighting       | 3 |  3.6
Maces & Flails | 1 2 |  2.4
Dodging        | 2 |  2.2
Throwing       | |  4.0
Stealth        | |  0.6

Action                   || total
-------------------------++-------
Melee: Club              ||   121
       Short sword       ||     4
  Use: Potion            ||     1
  Eat: Chunk             ||     2
Armor: Robe              ||    36
Dodge: Dodged            ||    83
